 Dungeon Crawl Stone Soup version 0.27-a0-1431-gcffa5a9b16 (webtiles) character file.

Game seed: 10761319797926142113

150 Sin92 the Skirmisher (level 5, -8/42 HPs)
             Began as a Demonspawn Fighter on July 2, 2021.
             Mangled by a gnoll shaman (10 damage)
             ... on level 3 of the Dungeon.
             The game lasted 00:03:30 (3071 turns).

Sin92 the Skirmisher (Demonspawn Fighter)           Turns: 3071, Time: 00:03:30

Health: -8/42      AC:  6    Str: 15 (18) XL:     5   Next: 10%
Magic:  5/5        EV:  7    Int:  8 (9)  God:
Gold:   126        SH:  8    Dex:  9 (12) Spells: 4/4 levels left

rFire    . . .     SeeInvis .   d - +2 spear (freeze)
rCold    . . .     Faith    .   c - +0 kite shield
rNeg     . . .     Spirit   .   b - +0 scale mail
rPois    .         Reflect  .   (helmet restricted)
rElec    .         Harm     .   (no cloak)
rCorr    .         Rampage  .   (no gloves)
Will     .....                  (no boots)
Stlth    ..........             (no amulet)
HPRegen  0.14/turn              (no ring)
MPRegen  0.09/turn              (no ring)

@: lit by a corona, weak-willed, glowing
A: antennae 2, foul stench 2
a: no special abilities


You were on level 3 of the Dungeon.
You visited 1 branch of the dungeon, and saw 3 of its levels.

You collected 126 gold pieces.

Inventory:

Hand Weapons
 a - a +0 war axe
 d - a +2 spear of freezing (weapon)
Armour
 b - a +0 scale mail (worn)
 c - a +0 kite shield (worn)
Jewellery
 g - a ring of ice
Wands
 e - a wand of digging (5)
 i - a wand of iceblast (2)
Scrolls
 j - 3 scrolls of vulnerability
Potions
 k - 2 potions of curing


   Skills:
 + Level 3.6 Fighting
 * Level 3.1 Axes
 + Level 0.6(2.0) Polearms
 + Level 3.2 Armour
 + Level 1.4 Dodging
 + Level 3.1 Shields


You had 4 spell levels left.
You didn't know any spells.
Your spell library contained the following spells:

 Spells                   Type           Power      Damage    Failure   Level
 Poisonous Vapours        Pois/Air       0%         N/A       100%        2
 Slow                     Hex            0%         N/A       100%        2
 Static Discharge         Conj/Air       0%         N/A       100%        2
 Confusing Touch          Hex            0%         N/A       100%        3
 Mephitic Cloud           Conj/Pois/Air  0%         N/A       100%        3
 Vampiric Draining        Necr           0%         2d6       100%        3
 Dispel Undead            Necr           0%         3d6       100%        4
 Sticky Flame             Conj/Fire      0%         2d3       100%        4
 Freezing Cloud           Conj/Ice/Air   0%         6-21      100%        5


Dungeon Overview and Level Annotations

Branches:
Dungeon (3/15)

Altars:
Vehumet
The Shining One

Shops:
D:1 :


Innate Abilities, Weirdness & Mutations

You have a pair of antennae on your head.
You sometimes emit foul miasma when damaged in melee.


Message History

You hear a loud clanging noise!
It was a scroll of noise.
As you read the scroll labelled PUNYLO YSUN, it crumbles to dust.
It is a scroll of identify.
k - 2 potions of curing It was a potion of degeneration.
There was something very wrong with that liquid.
You feel weakened.
You feel dopey.
You feel clumsy. The gnoll shaman barely misses you.
The gnoll hits you from afar with a +0 spear.
You hit the gnoll shaman. You freeze the gnoll shaman.
The gnoll shaman is lightly wounded.
You block the gnoll shaman's attack.
The gnoll hits you from afar with a +0 spear.
You closely miss the gnoll shaman.
The gnoll shaman is lightly wounded.
The gnoll shaman mumbles some strange prayers to its god against you.
You are outlined in light.
The gnoll hits you from afar with a +0 spear.
You hit the gnoll shaman. You freeze the gnoll shaman.
The gnoll shaman is moderately wounded.
The gnoll shaman hits you with a +0 whip.
* * * LOW HITPOINT WARNING * * *
The gnoll hits you but does no damage.
You hit the gnoll shaman. You freeze the gnoll shaman.
The gnoll shaman is heavily wounded.
The gnoll shaman hits you with a +0 whip.
* * * LOW HITPOINT WARNING * * *
The gnoll hits you from afar with a +0 spear.
* * * LOW HITPOINT WARNING * * *
You block the gnoll shaman's attack. The gnoll barely misses you.
Your shield and scale mail prevent you from hitting the gnoll shaman.
The gnoll shaman is heavily wounded.
The gnoll shaman hits you with a +0 whip.
* * * LOW HITPOINT WARNING * * *
The gnoll closely misses you.
You barely miss the gnoll shaman.
The gnoll shaman is moderately wounded.
The gnoll shaman hits you with a +0 whip!
You die...

##...........#.##..## #
#....................
#.###.#..#...#..#.##..##
#............#..#.......
##...........##.#.##..##
...###........##.#.##..#
#.#.###.#.........#.##..#
#.................#.###.#
###.###.#@###.###.#.# #.
#.#g# #.# #.# ###g# #.# #
#..gg...... #.#.###.#.#
#.... # #.# #.# ...


You could see a gnoll shaman (weak-willed) and 3 gnolls.

Vanquished Creatures
  5 gnolls
  3 adders
  A worm (D:3)
  5 orcs (D:3)
  6 endoplasms
  7 giant cockroaches
  6 goblins
  7 hobgoblins
  3 jackals (D:1)
  3 quokkas
  2 ball pythons
  2 bats (D:1)
  2 frilled lizards
  6 kobolds
  3 rats
61 creatures vanquished.

Notes
Turn   | Place    | Note
-------+----------+-------------------------------------------
     0 | D:1      | Sin92 the Demonspawn Fighter began the quest for the Orb.
     0 | D:1      | Reached XP level 1. HP: 18/18 MP: 1/1
   331 | D:1      | Gained mutation: You may rarely emit foul miasma when
                  | damaged in melee. [demonic ancestry]
   331 | D:1      | Reached XP level 2. HP: 22/24 MP: 2/2
   376 | D:1      | Found Qusk's Book Shop.
   529 | D:1      | Found a faded altar of an unknown god.
  1186 | D:2      | Gained mutation: You have a pair of small antennae on your
                  | head. [demonic ancestry]
  1186 | D:2      | Reached XP level 3. HP: 29/29 MP: 3/3
  1209 | D:2      | Reached skill level 1 in Dodging
  1369 | D:2      | Gained mutation: You sometimes emit foul miasma when
                  | damaged in melee. [demonic ancestry]
  1369 | D:2      | Reached XP level 4. HP: 20/35 MP: 4/4
  2953 | D:3      | Found a radiant altar of Vehumet.
  3057 | D:3      | Gained mutation: You have a pair of antennae on your head.
                  | [demonic ancestry]
  3057 | D:3      | Reached XP level 5. HP: 40/42 MP: 5/5
  3070 | D:3      | HP: 2/42 [gnoll shaman (3)]
  3071 | D:3      | Mangled by a gnoll shaman

Illustrated notes

Levels and vault maps discovered:
D:1:      eino_arrival_cavern_d, layout_rooms, serial_shops, shop,
          ebering_ecumenical_altar_webs, serial_park_tiny_2
D:2:      layout_loops_ring
D:3:      layout_basic, gammafunk_temple_overflow_elements, uniq_natasha

Skill      XL: |  1  2  3  4 |
---------------+-------------+-----
Axes           | 2 3 |  3.1
Armour         | 3 |  3.2
Dodging        | 1 |  1.4
Shields        | 3 |  3.1
Fighting       | |  3.6
Polearms       | |  0.6

Action                   |  1- 3 |  4- 6 || total
-------------------------+-------+-------++-------
Melee: War axe           |    93 |       ||    93
       Spear             |     4 |    80 ||    84
  Use: Potion            |     1 |     1 ||     2
       Scroll            |       |     3 ||     3
Armor: Scale mail        |    47 |    12 ||    59
Dodge: Dodged            |    42 |    22 ||    64
Block: Kite shield       |    46 |    18 ||    64

Table legend: (Time is in decaauts)
 A = Elapsed time spent in this place.
 B = Non-inter-level travel time spent in this place.
 C = Inter-level travel time spent in this place.
 D = Time resting spent in this place.
 E = Time spent auto-exploring this place.
 F = Levels seen in this place.
 G = Mean time per level.
                   A        B        C        D        E       F      G
               +--------+--------+--------+--------+--------+-----+--------+
         Total |   3150 |   3108 |     42 |    450 |   2159 |   3 | 1050.0 |
       Dungeon |   3150 |   3108 |     42 |    450 |   2159 |   3 | 1050.0 |
               +--------+--------+--------+--------+--------+-----+--------+

Top non-repeatable levels by time:
     D:1: 1171 daAuts
     D:2: 1091 daAuts
     D:3: 887 daAuts
